 Dungeon Crawl Stone Soup version 0.17.2-1-ge4368a0 (console) character file.

26 Goblin1989 the Skirmisher (level 2, 0/25 HPs)
             Began as a Demonspawn Monk on May 5, 2017.
             Slain by a hobgoblin
             ... wielding a +0 club
              (2 damage)
             ... on level 1 of the Dungeon.
             The game lasted 00:02:48 (945 turns).

Goblin1989 the Skirmisher (Demonspawn Monk)          Turns: 945, Time: 00:02:48

Health: 0/25       AC:  2    Str: 11    XL:     2   Next: 89%
Magic:  2/2        EV: 13    Int: 11    God:
Gold:   31         SH:  0    Dex: 15    Spells: 0 memorised, 1 level left

rFire  . . .     SeeInvis .       - Unarmed
rCold  . . .     Clarity  .     a - +0 robe
rNeg   . . .     SustAt   .     (no shield)
rPois  .         Gourm    .     (no helmet)
rElec  .         Spirit   .     (no cloak)
rCorr  .         Warding  .     (no gloves)
rMut   .         Stasis   .     (no boots)
MR     .....                    (no amulet)
Stlth  ++........               (no ring)
                                (no ring)

@: not resistant to hostile enchantments, unstealthy
A: demonic guardian 1
a: no special abilities


You were on level 1 of the Dungeon.
You were not hungry.

You visited 1 branch of the dungeon, and saw 1 of its levels.

You collected 31 gold pieces.

Inventory:

Armour
 a - a +0 robe (worn)
Jewellery
 b - a ring of sustain attributes {unknown}
Scrolls
 c - 3 scrolls of fog {unknown}
Comestibles
 e - a bread ration {@e1}


   Skills:
 + Level 4.1 Fighting
 - Level 2.6 Dodging
 - Level 1.7 Stealth
 - Level 3.6 Unarmed Combat


You had one spell level left.
You didn't know any spells.

Dungeon Overview and Level Annotations

Branches:
Dungeon (1/15)

Altars:


Innate Abilities, Weirdness & Mutations

A weak demonic guardian rushes to your aid.


Message History

The jackal barely misses you.
You hit the jackal.
The jackal is moderately wounded.
The jackal closely misses you. The jackal misses you.
You barely miss the jackal.
The jackal is moderately wounded.
The jackal closely misses you. The jackal barely misses you.
You closely miss the jackal.
The jackal is moderately wounded.
The jackal closely misses you. x2
The jackal bites you.
You take 2 damage, and have 20/25 hp.
You hit the jackal.
The jackal is moderately wounded.
The jackal barely misses you. x2
The jackal bites you. The kobold hits you but does no damage.
A kobold comes into view.
You take 2 damage, and have 18/25 hp.
You hit the jackal.
The jackal is severely wounded.
The jackal misses you. The jackal bites you.
You take 1 damage, and have 17/25 hp.
You hit the jackal.
The jackal is almost dead.
The jackal bites you. x2
The kobold barely misses you. The jackal closely misses you.
You take 3 damage, and have 14/25 hp.
You are too injured to fight recklessly!
You are too injured to fight recklessly!
You are too injured to fight recklessly!
You are too injured to fight recklessly!
You are too injured to fight recklessly!
You are too injured to fight recklessly!
You are too injured to fight recklessly!
You are too injured to fight recklessly!
You are too injured to fight recklessly!
You are too injured to fight recklessly!
You are too injured to fight recklessly!
You are too injured to fight recklessly!
You are too injured to fight recklessly!
You are too injured to fight recklessly!
You are too injured to fight recklessly!
You are too injured to fight recklessly!
You are too injured to fight recklessly!
You are too injured to fight recklessly!
You are too injured to fight recklessly!
You are too injured to fight recklessly!
The kobold barely misses you.
A hobgoblin comes into view. It is wielding a club.
You closely miss the kobold. The kobold hits you with a short sword.
You take 1 damage, and have 14/25 hp.
You closely miss the kobold. The kobold hits you with a short sword.
You take 1 damage, and have 13/25 hp.
You closely miss the kobold. The kobold misses you.
You hit the kobold but do no damage. The kobold misses you.
You hit the kobold.
You kill the kobold!
You barely miss the jackal.
The jackal is almost dead.
You hit the jackal.
You kill the jackal!
The jackal bites you.
* * * LOW HITPOINT WARNING * * *
You take 3 damage, and have 10/25 hp.
You barely miss the jackal. The jackal bites you.
* * * LOW HITPOINT WARNING * * *
You take 2 damage, and have 8/25 hp.
You closely miss the jackal. The jackal barely misses you.
You hit the jackal.
You kill the jackal!
You hit the jackal.
The jackal is almost dead.
The jackal bites you.
* * * LOW HITPOINT WARNING * * *
The jackal barely misses you.
You take 2 damage, and have 6/25 hp.
You hit the jackal.
You kill the jackal!
You hit the hobgoblin.
The hobgoblin is moderately wounded.
The hobgoblin hits you with a club.
* * * LOW HITPOINT WARNING * * *
You take 2 damage, and have 5/25 hp.
You hit the hobgoblin.
The hobgoblin is heavily wounded.
The hobgoblin hits you but does no damage.
You closely miss the hobgoblin.
The hobgoblin is heavily wounded.
The hobgoblin misses you.
You closely miss the hobgoblin.
The hobgoblin is heavily wounded.
You closely miss the hobgoblin.
The hobgoblin is heavily wounded.
The hobgoblin hits you with a club.
* * * LOW HITPOINT WARNING * * *
You take 3 damage, and have 2/25 hp.
You hit the hobgoblin.
The hobgoblin is severely wounded.
The hobgoblin hits you with a club.
You die...

█.............█............
█.██..█K██....█............
█.██.█..██....█............
█.............█...........█
███...█.█.....█...........█
█......█.█..█..........█▲
█.......K...█.........██
█.██..██g██.█ .....██
█.....██@██.█ ... ██
███.........█..█
█...█.█...█..█
█...█........█
█...██....█.██ █...██....█
█ █...██....█ █...██....█.█
██████....█.█


You could see a hobgoblin and a kobold.

Vanquished Creatures
  2 bats (D:1)
  2 giant cockroaches (D:1)
  5 goblins (D:1)
  3 hobgoblins (D:1)
  3 jackals (D:1)
  3 kobolds (D:1)
  6 rats (D:1)
24 creatures vanquished.

Notes
Turn   | Place    | Note
--------------------------------------------------------------
     0 | D:1      | Goblin1989 the Demonspawn Monk began the quest for the Orb.
     0 | D:1      | Reached XP level 1. HP: 18/18 MP: 1/1
   234 | D:1      | Gained mutation: A weak demonic guardian rushes to your aid. [demonic ancestry]
   234 | D:1      | Reached XP level 2. HP: 16/24 MP: 2/2
   865 | D:1      | Reached skill level 4 in Fighting
   945 | D:1      | Slain by a hobgoblin

Action                   || total
-------------------------++-------
Melee: Unarmed           ||   104
 Stab: Sleeping          ||     2

Vault maps used:
D:1:      dpeg_cavernosity, hangedman_abyss_or_decor_lesser_grid,
          corexii_item_surrounded_by_moat, minmay_misc_feat_alley
